 Dungeon Crawl Stone Soup version 0.26-a0-863-g3bff4b215c (webtiles) character file.

Game seed: 8853817291505769531

26 dickylongcocking the Magician (level 2, 0/22 HPs)
             Began as a Demonspawn Hedge Wizard on Nov 25, 2020.
             Slain by a hobgoblin (5 damage)
             ... on level 1 of the Dungeon.
             The game lasted 00:01:04 (1352 turns).

dickylongcocking the Magician (DsWz)                Turns: 1352, Time: 00:01:04

Health: 0/22       AC:  6    Str: 10    XL:     2   Next: 89%
Magic:  6/6        EV: 12    Int: 15    God:
Gold:   24         SH:  0    Dex: 12    Spells: 6/7 levels left

rFire    . . .     SeeInvis .   a - +0 dagger
rCold    . . .     Faith    .   (no shield)
rNeg     . . .     Spirit   .   b - +0 robe
rPois    .         Reflect  .   g - +0 helmet
rElec    .         Harm     .   f - +0 cloak
rCorr    .         Rampage  .   i - +1 pair of gloves
MR       .....                  (no boots)
Stlth    ++........             (no amulet)
HPRegen  0.07/turn              (no ring)
MPRegen  0.10/turn              (no ring)

@: no status effects
A: powered by pain 1
a: no special abilities


You were on level 1 of the Dungeon.
You visited 1 branch of the dungeon, and saw 2 of its levels.

You collected 24 gold pieces.

Inventory:

Hand Weapons
 a - a +0 dagger (weapon)
Armour
 b - a +0 robe (worn)
 c - a +0 hat
 f - a +0 cloak (worn)
 g - a +0 helmet (worn)
 i - a +1 pair of gloves (worn)
Jewellery
 k - an uncursed ring of poison resistance {unknown}
Scrolls
 d - 2 scrolls of immolation {unknown}
 e - a scroll of enchant armour {unknown}
 h - a scroll of fear {unknown}
 j - a scroll of blinking {unknown}


   Skills:
 * Level 1.7 Fighting
 * Level 1.5 Short Blades
 - Level 1.7 Dodging
 - Level 1.7 Stealth
 - Level 3.0 Spellcasting
 - Level 1.0 Conjurations
 - Level 1.0 Summonings
 - Level 0.8 Translocations


You had 6 spell levels left.
You knew the following spells:

 Your Spells              Type           Power        Failure   Level
a - Magic Dart            Conj           #...         13%         1

Your spell library contained the following spells:

 Spells                   Type           Power        Failure   Level
 Call Imp                 Summ           #.......     21%         2
 Blink                    Tloc           N/A          22%         2
 Slow                     Hex            #.......     30%         2
 Conjure Flame            Conj/Fire      #.......     43%         3
 Mephitic Cloud           Conj/Pois/Air  #.......     45%         3


Dungeon Overview and Level Annotations

Branches:
Dungeon (2/15)

Altars:


Innate Abilities, Weirdness & Mutations

You sometimes gain a little power by taking damage.


Message History

The hobgoblin closely misses you.
You hit the hobgoblin but do no damage.
The hobgoblin is almost dead.
The hobgoblin hits you but does no damage.
You hit the hobgoblin.
You kill the hobgoblin!
You hit the hobgoblin.
The hobgoblin is heavily wounded.
The hobgoblin hits you but does no damage.
You barely miss the hobgoblin.
The hobgoblin is heavily wounded.
The hobgoblin hits you.
* * * LOW HITPOINT WARNING * * *
You hit the hobgoblin but do no damage.
The hobgoblin is heavily wounded.
The hobgoblin hits you but does no damage.
You hit the hobgoblin.
The hobgoblin is severely wounded.
The hobgoblin hits you.
You die...

..# #8'''8##........#.# ..#
####.####..........######### ..#
#....##.....................
..####...###.....[.....#####(....
........## #........).## #.####
.#####.## #...#.....## #.#
.#####.#####.>.##...## #.#
.#...).........###.### #.# ##
...###.#####...g@....# #.# #.
##.# #.## #.#.###.#.# #.# #. #.#
#..# #.#.###.#.# ###.###. #.#
##.# #....##...# ##....... #.#
#.# #.#..####.# #.....##.
#.####.####.........####........
#..............####....(.....###
#####..#######.# #..###....##
#..#######.####..# #...##


You could see a hobgoblin.

Vanquished Creatures
  A dart slug (D:1)
  A leopard gecko (D:2)
  7 bats
  A giant cockroach (D:1)
  A goblin (D:1)
  5 hobgoblins (D:1)
  A ball python (D:1)
  3 frilled lizards (D:1)
  A rat (D:1)
21 creatures vanquished.

Notes
Turn   | Place    | Note
-------+----------+-------------------------------------------
     0 | D:1      | dickylongcocking the Demonspawn Hedge Wizard began the
                  | quest for the Orb.
     0 | D:1      | Reached XP level 1. HP: 13/13 MP: 4/4
   387 | D:1      | Reached skill level 1 in Fighting
   387 | D:1      | Reached skill level 1 in Short Blades
   387 | D:1      | Gained mutation: You sometimes gain a little power by
                  | taking damage. [demonic ancestry]
   387 | D:1      | Reached XP level 2. HP: 15/21 MP: 6/6
  1352 | D:1      | Slain by a hobgoblin

Illustrated notes

Levels and vault maps discovered:
D:1:      saegor_arrival_simple_c, layout_loops_ring
D:2:      layout_rooms, trog_hazing_becter

Skill      XL: |  1 |
---------------+----+-----
Fighting       | 1 |  1.7
Short Blades   | 1 |  1.5
Dodging        | |  1.7
Stealth        | |  1.7
Spellcasting   | |  3.0
Conjurations   | |  1.0
Summonings     | |  1.0
Translocations | |  0.8

Action                   || total
-------------------------++-------
Melee: Dagger            ||   129
 Stab: Sleeping          ||     3
Armor: Robe              ||    48
Dodge: Dodged            ||    93

Table legend: (Time is in decaauts)
 A = Elapsed time spent in this place.
 B = Non-inter-level travel time spent in this place.
 C = Inter-level travel time spent in this place.
 D = Time resting spent in this place.
 E = Time spent auto-exploring this place.
 F = Levels seen in this place.
 G = Mean time per level.
                   A        B        C        D        E       F      G
               +--------+--------+--------+--------+--------+-----+--------+
         Total |   1345 |   1334 |     11 |      0 |   1070 |   2 |  672.5 |
       Dungeon |   1345 |   1334 |     11 |      0 |   1070 |   2 |  672.5 |
               +--------+--------+--------+--------+--------+-----+--------+

Top non-repeatable levels by time:
     D:1: 1310 daAuts
     D:2: 35 daAuts
